 Dungeon Crawl Stone Soup version 0.24.0-37-gcf1ca852f1 (webtiles) character file.

Game seed: 15623800759450059542, levelgen mode: deterministic

115201 grindst0ne the Fighter (level 16, -6/118 HPs)
             Began as an Octopode Fighter on Nov 25, 2019.
             Was an Elder of Cheibriados.
             Mangled by an ice devil (19 damage)
             ... on level 2 of the Orcish Mines.
             The game lasted 01:10:58 (26257 turns).

grindst0ne the Fighter (Octopode Fighter)          Turns: 26257, Time: 01:11:00

Health: -6/118     AC:  2    Str: 40    XL:     16   Next: 68%
Magic:  23/28      EV: 32    Int: 21    God:    Cheibriados [****..]
Gold:   1921       SH: 17    Dex: 25    Spells: 12/15 levels left

rFire    . . .     SeeInvis .   i - +8 morningstar "Jelly's Demise" {freeze, Str+5}
rCold    . . .     Gourm    .   b - +0 shield
rNeg     . . .     Faith    .   (helmet restricted)
rPois    .         Spirit   .   E - amulet of the Air {Inacc +Fly rElec EV+5 RMsl}
rElec    +         Reflect  .   n - +4 ring of strength
rCorr    .         Harm     .   x - +6 ring of strength
MR       +....     Clarity  +   (no ring)
Stlth    +++++.....             (no ring)
HPRegen  0.29/turn              (no ring)
MPRegen  0.21/turn              (no ring)
                                (no ring)
                                (no ring)

@: lethally poisoned (-6 -> -20), studying Earth Magic, repel missiles, very
slow
A: almost no armour, stealthy swim, amphibious, 8 rings, constrict 8, camouflage
1, clarity, high mp 1, shaggy fur 1, gelatinous body 1
a: Bend Time, Temporal Distortion, Slouch, Renounce Religion, Evoke Flight


You were on level 2 of the Orcish Mines.
You worshipped Cheibriados.
Cheibriados was greatly pleased with you.
You were not hungry.

You visited 3 branches of the dungeon, and saw 23 of its levels.
You also visited: Sewer.

You collected 1921 gold pieces.

Inventory:

Hand Weapons
 i - the +8 morningstar "Jelly's Demise" (weapon) {freeze, Str+5}
   (You found it on level 5 of the Dungeon)

   It has been specially enchanted to freeze those struck by it, causing extra
   injury to most foes and up to half again as much damage against particularly
   susceptible opponents.
   It can also slow down cold-blooded creatures.
   It affects your strength (+5).
Missiles
 k - 7 silver javelins (quivered)
 s - a throwing net
Armour
 b - a +0 shield (worn)
Jewellery
 g - an uncursed amulet of the gourmand {unknown}
 n - a +4 ring of strength (left tentacle)
 u - an uncursed ring of ice
 x - a +6 ring of strength (right tentacle)
 z - a cursed amulet of the gourmand {unknown}
 E - the amulet of the Air (around mantle) {Inacc +Fly rElec EV+5 RMsl}
   (You found it on level 6 of the Lair of Beasts)

   [amulet of inaccuracy]

   It reduces the accuracy of all your attacks.
   It affects your evasion (+5).
   It insulates you from electricity.
   It lets you fly.
   It protects you from missiles.
Wands
 j - a wand of flame (24)
 F - a wand of digging (1)
 G - a wand of enslavement (5)
 M - a wand of paralysis (6)
 O - a wand of acid (4)
Scrolls
 a - 2 scrolls of blinking
 f - 4 scrolls of immolation
 o - 7 scrolls of teleportation
 p - 3 scrolls of magic mapping
 q - 4 scrolls of enchant weapon
 t - 7 scrolls of amnesia
 v - 11 scrolls of remove curse
 w - 5 scrolls of enchant armour
 y - a scroll of vulnerability
 A - a scroll of torment
 J - a scroll of fear
 K - a scroll of silence
 L - a scroll of fog
Potions
 c - 7 potions of flight
 e - 6 potions of brilliance
 h - 5 potions of ambrosia
 m - 4 potions of might
 r - 2 potions of lignification
 B - a potion of resistance
 C - a potion of mutation
 D - 2 potions of cancellation
 I - 2 potions of curing
 P - a potion of magic
 Q - a potion of invisibility
 S - a potion of agility
Books
 l - a manual of Earth Magic
Miscellaneous
 H - a fan of gales
Comestibles
 d - 51 rations
 R - 2 chunks of flesh


   Skills:
 + Level 13.6 Fighting
   Level 2.0(3.1) Axes
 - Level 3.7(4.0) Maces & Flails
 + Level 13.6 Dodging
 - Level 5.2 Stealth
 + Level 13.6 Shields
 + Level 7.5 Translocations
 + Level 12.7 Invocations
 - Level 6.4 Evocations


You had 12 spell levels left.
You knew the following spells:

 Your Spells              Type           Power        Failure   Level  Hunger
a - Blink                 Tloc           N/A          1%          2    ###....
b - Apportation           Tloc           ####..       1%          1    ##.....

Your spell library contained the following spells:

 Spells                   Type           Power        Failure   Level  Hunger
 Animate Skeleton         Necr           N/A          22%         1    ##.....
 Confusing Touch          Hex            #.....       22%         1    ##.....
 Magic Dart               Conj           #...         22%         1    ##.....
 Pain                     Necr           #...         22%         1    ##.....
 Summon Small Mammal      Summ           #...         22%         1    ##.....
 Call Imp                 Summ           #.......     32%         2    ###....
 Slow                     Hex            #.......     32%         2    ###....
 Conjure Flame            Conj/Fire      #.......     54%         3    ####...
 Mephitic Cloud           Conj/Pois/Air  #.......     54%         3    ####...
 Regeneration             Chrm/Necr      #.........   54%         3    ####...
 Vampiric Draining        Necr           #.........   54%         3    ####...
 Animate Dead             Necr           N/A          91%         4    #####..
 Malign Gateway           Summ/Tloc      ###.......   100%        7    #######
 Monstrous Menagerie      Summ           #.........   100%        7    #######
 Summon Greater Demon     Summ           #.........   100%        7    #######
 Summon Horrible Things   Summ           #.........   100%        8    #######


Dungeon Overview and Level Annotations

Branches:
Dungeon (15/15)            Temple (0/1) D:5            Lair (6/6) D:8
  Swamp (0/4) Lair:2        Snake (0/4) Lair:2        Slime (0/5) Lair:5
    Orc (2/2) D:9          Vaults (0/5) D:14          Sewer (visited)
    Elf: Orc:2       Depths: D:15

Altars:
Cheibriados
Dithmenos
Gozag
Hepliaklqana
Nemelex Xobeh
Okawaru
Sif Muna
Uskayaw
Xom
Yredelemnul
The Shining One
Jiyva

Shops:
D:11 [   Orc:2 ??

Annotations:
D:11 3 runed translucent doors, Iamsoldier's ghost, journeyman GrFi; Raston's ghost, journeyman HuBe; Zleub's ghost, journeyman HaHu
Lair:2 1 runed translucent door
Lair:4 exclusion: downstairs
Lair:5 1 runed translucent door, exclusion: 4 oklob plants
Lair:6 Rupert


Innate Abilities, Weirdness & Mutations

You cannot wear most types of armour.
You are very stealthy in the water. (Stealth+)
You are amphibious.
You can wear up to eight rings at the same time.
You can use your tentacles to constrict eight enemies at once.
Your skin changes colour to match your surroundings (Stealth+).
Your rubbery body absorbs attacks. (AC +1, EV +1)
You possess an exceptional clarity of mind.
You have an increased reservoir of magic. (+10% MP)
You are covered in fur. (AC +1)


Message History

You kill the orc sorcerer!
Cheibriados thoroughly appreciates the change of pace.
The chaos spawn degenerates into a cloud of primal chaos!
The ynoxinul disappears in a puff of smoke!
You kill the orc priest!
Cheibriados appreciates the change of pace.
You feel somewhat more hungry.
Cheibriados lowers the support of your attributes as your movement quickens.
You feel sick. The orange demon misses you.
The orc knight hits you with a +2 long sword of venom!!
* * * LOW HITPOINT WARNING * * *
You are more poisoned.
You feel much better.
You feel sick.
The orc warrior no longer looks unusually strong.
The orange demon stings you from afar!
* * * LOW HITPOINT WARNING * * *
The ice devil hits you!
* * * LOW HITPOINT WARNING * * *
The ice devil freezes you!!
You die...

#.#... #... #...#
#.#.. ##... #....
##.. #...# ###
##§..# # ##4oo#
##§4o# # ##.#@# #.
#..)## ##..
##.#.## ##.#.
##...## ##...#
##...## ##...##
##...## ##...###
##...## ##...###)
##...###...###))
..##..).#....##).#


You could see an orc knight, an orange demon, an ice devil and 2 orc warriors.

Vanquished Creatures
  Kirke (Lair:4)
  Nessos (D:12)
  A dire elephant (Lair:6)
  Erolcha (D:12)
  6 hydras
  5 two-headed ogres
  A death knight (D:15)
  9 death yaks
  Nergalle (Lair:4)
  A sea snake (Lair:6)
  A wizard (D:14)
  2 harpies (Lair:6)
  2 phantasmal warriors (D:15)
  5 ugly things
  A deep elf mage (D:13)
  A necromancer (Lair:2)
  3 orc knights
  4 orc sorcerers
  3 manticores
  3 cyclopes
  3 centaur zombies
  12 elephants
  5 black mambas
  Psyche (D:10)
  8 spiny frogs
  An orange demon (Orc:2)
  2 kobold demonologists (D:14)
  9 rime drakes
  2 freezing wraiths (D:15)
  An ice devil (Orc:2)
  13 komodo dragons
  A tengu conjurer (D:13)
  2 hornets (Lair:6)
  7 trolls
  6 polar bears
  Grinder (D:3)
  Prince Ribbit (D:6)
  A wind drake (Lair:6)
  A slime creature (D:11)
  18 blink frogs
  18 hippogriffs
  5 dream sheep (Lair:6)
  2 shadows
  4 wyverns
  3 wraiths
  38 yaks
  3 basilisks
  3 hogs (Lair:4)
  8 vampire mosquitoes
  A chaos spawn (Orc:2)
  2 hungry ghosts
  3 wargs
  2 acid dragons
  2 nagas (Lair:2)
  11 water moccasins
  A porcupine (Lair:5)
  A hornet zombie (D:7)
  15 orc warriors
  6 sky beasts
  3 black bears
  2 necrophages
  4 phantoms
  4 eyes of draining
  7 ice beasts
  6 ogres
  37 wolves
  20 centaurs
  16 crocodiles
  6 big kobolds
  21 bullfrogs
  Blork the orc (D:4)
  A gnoll sergeant (D:9)
  2 wyvern zombies
  2 wyvern skeletons
  3 scorpions
  21 wights
  7 killer bees
  3 howler monkeys
  An electric eel (D:8)
  9 crimson imps
  A bullfrog zombie (D:12)
  A wyvern simulacrum (D:8)
  5 hounds
  5 centaur skeletons
  10 jellies
  5 bullfrog skeletons
  21 orc priests
  18 orc wizards
  3 iguanas
  2 merfolk sirens (Sewer)
  2 polar bear simulacra (Lair:2)
  13 worker ants
  2 merfolk avatars
  4 yak simulacra (Lair:2)
  2 wolf simulacra (Lair:2)
  A hound skeleton (D:4)
  A worker ant zombie (D:7)
  Robin (D:3)
  6 gnolls
  18 adders
  A river rat (Sewer)
  A hound simulacrum (D:8)
  4 shadow imps
  5 white imps (D:8)
  A worker ant simulacrum (D:8)
  An ufetubus (D:8)
  6 oozes
  6 worms
  4 dart slugs (D:1)
  An adder simulacrum (D:8)
  15 leopard geckos
  62 orcs
  5 ball pythons (Sewer)
  9 giant cockroaches
  20 goblins
  14 hobgoblins
  12 jackals
  35 kobolds
  6 quokkas
  5 bats
  6 frilled lizards
  A jackal simulacrum (D:8)
  A jackal skeleton (D:4)
  32 rats
  3 river rat simulacra (Lair:2)
828 creatures vanquished.

Vanquished Creatures (collateral kills)
  A rime drake (Lair:4)
1 creature vanquished.

Vanquished Creatures (others)
  A rime drake (Lair:4)
  21 fungi
  33 plants
  11 toadstools (Lair:2)
  4 withered plants (D:11)
70 creatures vanquished.

Grand Total: 899 creatures vanquished

Notes
Turn   | Place    | Note
-------+----------+-------------------------------------------
     0 | D:1      | grindst0ne the Octopode Fighter began the quest for the
                  | Orb.
     0 | D:1      | Reached XP level 1. HP: 16/16 MP: 1/1
    85 | D:1      | Reached XP level 2. HP: 17/21 MP: 2/2
   227 | D:1      | Reached XP level 3. HP: 21/26 MP: 3/3
   877 | D:2      | Found a basalt altar of Yredelemnul.
   894 | D:2      | Reached XP level 4. HP: 33/33 MP: 4/4
  1250 | D:2      | Found a faded altar of an unknown god.
  1393 | D:2      | Found a sparkling altar of Nemelex Xobeh.
  1508 | D:2      | Reached XP level 5. HP: 34/37 MP: 5/5
  1664 | D:3      | Noticed Robin
  1691 | D:3      | Killed Robin
  1831 | D:3      | Noticed Grinder
  2083 | D:3      | Found a glowing golden altar of the Shining One.
  2116 | D:3      | Found a glowing drain.
  2132 | Sewer    | Entered a sewer
  2375 | Sewer    | HP: 1/37 [sickly merfolk siren/+0 spear (19)]
  2380 | Sewer    | Reached XP level 6. HP: 15/44 MP: 6/6
  3232 | D:3      | Found a snail-covered altar of Cheibriados.
  3516 | D:3      | Became a worshipper of Cheibriados the Contemplative
  3616 | D:3      | Paralysed by Grinder for 4 turns
  3620 | D:3      | Killed Grinder
  3620 | D:3      | Reached skill level 5 in Fighting
  3620 | D:3      | Reached skill level 5 in Dodging
  3620 | D:3      | Reached skill level 5 in Shields
  3620 | D:3      | Reached XP level 7. HP: 9/50 MP: 7/7
  4069 | D:4      | Found a sparkling altar of Nemelex Xobeh.
  4269 | D:4      | Noticed Blork the orc
  4276 | D:4      | Killed Blork the orc
  4521 | D:4      | Reached * piety under Cheibriados
  4525 | D:4      | Reached XP level 8. HP: 54/57 MP: 8/8
  5112 | D:4      | Found an opulent altar of Gozag.
  5242 | D:5      | Entered Level 5 of the Dungeon
  5300 | D:5      | Found a staircase to the Ecumenical Temple.
  5503 | D:5      | Reached skill level 1 in Stealth
  5782 | D:5      | Got a polished morningstar
  5783 | D:5      | Identified the +8 morningstar "Jelly's Demise" {freeze,
                  | Str+5} (You found it on level 5 of the Dungeon)
  5897 | D:6      | Reached ** piety under Cheibriados
  6049 | D:6      | Noticed Prince Ribbit
  6054 | D:6      | Killed Prince Ribbit
  6054 | D:6      | Reached skill level 1 in Maces & Flails
  6440 | D:6      | Reached XP level 9. HP: 63/63 MP: 9/9
  6500 | D:6      | Noticed a cyclops
  6506 | D:6      | Gained mutation: You have an increased reservoir of magic.
                  | (+10% MP) [potion of mutation]
  6506 | D:6      | Gained mutation: You possess an exceptional clarity of
                  | mind. [potion of mutation]
  6506 | D:6      | Gained mutation: You are covered in fur. (AC +1) [potion of
                  | mutation]
  6539 | D:6      | Killed a cyclops
  7096 | D:7      | Reached skill level 5 in Stealth
  7124 | D:7      | Reached *** piety under Cheibriados
  7444 | D:7      | Reached skill level 1 in Invocations
  7999 | D:7      | Found an iron altar of Okawaru.
  8001 | D:7      | Reached XP level 10. HP: 72/72 MP: 12/12
  8037 | D:7      | Noticed a red ugly thing
  8044 | D:7      | Killed a red ugly thing
  8411 | D:7      | Reached **** piety under Cheibriados
  9214 | D:8      | Reached ***** piety under Cheibriados
  9220 | D:8      | Reached skill level 5 in Invocations
  9223 | D:8      | Found a staircase to the Lair.
  9284 | D:8      | Found a hazy altar of Hepliaklqana.
  9284 | D:8      | Found a hide-covered altar of Uskayaw.
  9352 | D:8      | Noticed a two-headed ogre
  9376 | D:8      | HP: 2/74 [two-headed ogre/+0 giant club (23)]
  9379 | D:8      | Killed a two-headed ogre
  9379 | D:8      | Reached XP level 11. HP: 2/80 MP: 16/16
 10101 | D:8      | Found a shadowy altar of Dithmenos.
 10379 | D:9      | Noticed a two-headed ogre
 10381 | D:9      | Killed a two-headed ogre
 10694 | D:9      | Found a shimmering altar of Xom.
 10842 | D:9      | Noticed a two-headed ogre
 10846 | D:9      | Killed a two-headed ogre
 10853 | D:9      | Reached skill level 10 in Fighting
 10880 | D:9      | Reached skill level 10 in Dodging
 10884 | D:9      | Reached skill level 10 in Shields
 10989 | D:9      | Found a staircase to the Orcish Mines.
 11073 | D:9      | Found a shimmering blue altar of Sif Muna.
 11185 | D:10     | Entered Level 10 of the Dungeon
 11443 | D:10     | Reached XP level 12. HP: 87/87 MP: 19/19
 12049 | D:10     | Noticed Psyche
 12052 | D:10     | Killed Psyche
 12586 | D:11     | Found a runed translucent gate.
 12587 | D:11     | Noticed Raston's ghost (journeyman HuBe)
 12587 | D:11     | Noticed Zleub's ghost (journeyman HaHu)
 12588 | D:11     | Found a runed translucent gate.
 12588 | D:11     | Found a runed translucent gate.
 12588 | D:11     | Noticed Iamsoldier's ghost (journeyman GrFi)
 12589 | D:11     | Found the +8 storm bow {elec, penet}
 12761 | D:11     | Found Rith's Armour Boutique.
 13679 | D:12     | Noticed Nessos
 13798 | Lair:1   | Entered Level 1 of the Lair of Beasts
 14073 | Lair:1   | Noticed a four-headed hydra
 14156 | Lair:1   | Killed a four-headed hydra
 14345 | Lair:1   | Noticed an eight-headed hydra
 14466 | Lair:1   | Reached XP level 13. HP: 93/94 MP: 18/22
 14957 | Lair:2   | Found a staircase to the Swamp.
 15033 | Lair:2   | Found a staircase to the Snake Pit.
 15477 | Lair:2   | Found a runed translucent door.
 15515 | Lair:2   | Noticed a dire elephant
 15516 | Lair:2   | Found the +9 heavy crossbow "Sniper" {velocity, Acc+∞ SInv}
 16180 | Lair:3   | Reached skill level 10 in Invocations
 16642 | Lair:3   | Learned a level 2 spell: Blink
 17150 | Lair:4   | Reached skill level 1 in Evocations
 17156 | Lair:4   | Reached skill level 1 in Translocations
 17232 | Lair:4   | Noticed Kirke
 17517 | Lair:4   | Noticed Nergalle
 17525 | Lair:4   | Killed Nergalle
 18362 | Lair:5   | Found a hazy altar of Hepliaklqana.
 18534 | Lair:5   | Found a runed translucent door.
 18535 | Lair:5   | Found a viscous altar of Jiyva.
 18542 | Lair:5   | Noticed an acid blob
 18543 | Lair:5   | Found a staircase to the Slime Pits.
 18581 | Lair:5   | Reached XP level 14. HP: 103/103 MP: 24/24
 19075 | Lair:6   | Entered Level 6 of the Lair of Beasts
 19160 | Lair:6   | Found the amulet of the Air {Inacc +Fly rElec EV+5 RMsl}
 19160 | Lair:6   | Noticed a dire elephant
 19164 | Lair:6   | Learned a level 1 spell: Apportation
 19194 | Lair:6   | Killed a dire elephant
 19229 | Lair:6   | Noticed Rupert
 19544 | Lair:6   | Reached skill level 5 in Evocations
 19982 | Lair:6   | Reached skill level 5 in Translocations
 19991 | Lair:6   | HP: 3/104 [wolf (10)]
 20905 | Lair:4   | Reached XP level 15. HP: 103/110 MP: 19/26
 20922 | Lair:4   | Killed Kirke
 21023 | Lair:4   | Reached XP level 16. HP: 85/117 MP: 27/27
 22463 | D:12     | Killed Nessos
 23131 | D:12     | Noticed Erolcha
 23140 | D:12     | Killed Erolcha
 24831 | D:14     | Found a gate to the Vaults.
 25050 | D:15     | Entered Level 15 of the Dungeon
 25517 | Orc:1    | Entered Level 1 of the Orcish Mines
 25517 | Orc:1    | Found Hushromue's Jewellery Shop.
 25665 | Orc:2    | Entered Level 2 of the Orcish Mines
 25810 | Orc:2    | Found Acuiguirol's Magic Scroll Shoppe.
 25964 | Orc:2    | Found Aqul's Magic Scroll Emporium.
 26257 | Orc:2    | Mangled by an ice devil

Levels and vault maps discovered:
D:1:      lightli_arrival_windingriver, layout_loops_ring
D:2:      layout_basic, lemuel_crystal_altar,
          chequers_ecumenical_altar_simple_redux, serial_glass, glass_columns_a,
          glass_columns_a, nemelex_spade_bored_becter
D:3:      layout_basic, overflow_temple_1_default,
          nicolae_tso_swordbearing_angel, portal_sewer_entry_f, uniq_grinder,
          uniq_robin
D:4:      layout_loops_ring, nemelex_xobeh_ov_fountains_minmay,
          nicolae_gozag_seed_capital, uniq_blork_the_orc
D:5:      layout_basic, minmay_temple_entry_glass, first_ration
D:6:      layout_basic, minmay_divided_ellipse, uniq_prince_ribbit1
D:7:      minmay_inner_zag, layout_basic, okawaru_ov_weapons_minmay
D:8:      minmay_skewed_foursquare, layout_basic,
          nicolae_dithmenos_through_a_glass_darkly,
          gammafunk_temple_overflow_wave, erik_lair_orcish_takeover, serial_ice,
          serial_ice_h, serial_ice_b, serial_ice_f, serial_ice_c, serial_ice_i,
          serial_ice_e, serial_ice_a, serial_ice_d
D:9:      layout_roguey, led_sif_pool, marbit_many_paths, orc_0_dummy,
          st_stairs_8
D:10:     layout_grid_maze, uniq_psyche
D:11:     layout_loops_ring, serial_shops, kennysheep_little_box,
          gammafunk_ghost_cemetery, hangedman_little_slice_of_home,
          minmay_diced_spiral
D:12:     layout_long_grid, uniq_nessos, uniq_erolcha
D:13:     layout_stronghold, chequers_avenue
D:14:     layout_basic, david_vaults_1, minmay_misc_feat_square
D:15:     hangedman_depths_entry_try_elsewhere_first, layout_basic,
          hangedman_abyss_or_decor_passed, serial_park_tiny_1
Lair:1:   layout_cave_shapes, beast_lair_carwin_6
Lair:2:   gammafunk_lair_enchanted_lake, layout_gridlike, swamp_mist_pool,
          guppyfry_snake_entry_garden, serial_bayou, serial_bayou_pond_a,
          serial_bayou_pond_c, serial_bayou_pond_e, serial_bayou_lagoon_a,
          eino_house_with_fridge
Lair:3:   layout_roguey
Lair:4:   layout_regular_city, minmay_lair_drake_nest, uniq_nergalle, uniq_kirke
Lair:5:   layout_long_grid, slime_altar_2, basic_altar, dpeg_oklob_1
Lair:6:   gammafunk_lair_ancient_temple, layout_cave_pods,
          grunt_forest_large_clearings, uniq_rupert
Orc:1:    layout_caves, serial_shops, shop, minmay_shop_enchanted_jewellery
Orc:2:    pf_orc_diabolical, layout_caves

Skill      XL: |  1  2  3  4  5  6  7  8  9 10 11 12 13 14 15 16 |
---------------+-------------------------------------------------+-----
Shields        | 4 5 6 7 9 10 11 12 13 | 13.6
Fighting       | 4 5 6 7 9 10 11 12 13 | 13.6
Dodging        | 4 5 6 7 9 10 11 12 13 | 13.6
Stealth        | 3 5 |  5.2
Maces & Flails | 1 3 |  3.7
Invocations    | 2 5 7 9 10 11 12 | 12.7
Evocations     | 3 6 |  6.4
Translocations | 3 5 6 7 |  7.5
Axes           | |  2.0

Action                   |  1- 3 |  4- 6 |  7- 9 | 10-12 | 13-15 | 16-18 || total
-------------------------+-------+-------+-------+-------+-------+-------++-------
Melee: War axe           |    75 |   166 |    76 |       |       |       ||   317
       Constrict         |    21 |    47 |    38 |    58 |    48 |    58 ||   270
       Tentacles         |    10 |    35 |    42 |   118 |   194 |   112 ||   511
       Morningstar       |       |       |    79 |   392 |   454 |   323 ||  1248
       Unarmed           |       |       |       |       |    17 |       ||    17
Throw: Javelin           |       |     7 |       |     2 |       |       ||     9
       Throwing net      |       |     1 |       |       |       |       ||     1
 Cast: Apportation       |       |       |       |       |     2 |       ||     2
Invok: Slouch            |       |       |       |    11 |    12 |     8 ||    31
       Temporal Distorti |       |       |       |     1 |     2 |       ||     3
Evoke: Wand              |       |       |    12 |    21 |    32 |    17 ||    82
  Use: Scroll            |     2 |     2 |     4 |     9 |    15 |    10 ||    42
       Potion            |       |     6 |     2 |     3 |    10 |     1 ||    22
 Stab: Sleeping          |     3 |    10 |    14 |    30 |     8 |    14 ||    79
       Distracted        |       |     1 |     1 |     5 |     7 |     1 ||    15
  Eat: Chunk             |       |     8 |    10 |    10 |    14 |    10 ||    52
       Ration            |       |       |       |     1 |       |       ||     1
Armor: Skin              |     6 |    11 |     2 |    13 |    18 |     6 ||    56
Dodge: Dodged            |    28 |    76 |    83 |   253 |   452 |   368 ||  1260
       Deflected         |       |       |       |       |     6 |    12 ||    18
Block: Shield            |    37 |    87 |    82 |   343 |   430 |   353 ||  1332
